 Dungeon Crawl Stone Soup version 0.30.1 (webtiles) character file.

Game seed: 6513530685901658736

281 MikeMinsk the Magician (level 6, 0/45 HPs)
             Began as a Djinni Fire Elementalist on July 5, 2023.
             Slain by an adder (2 damage)
             ... on level 3 of the Dungeon.
             The game lasted 00:13:45 (2466 turns).

MikeMinsk the Magician (Djinni Fire Elementalist)   Turns: 2466, Time: 00:13:47

Health: 0/45       AC:  2    Str:  7    XL:     6   Next: 53%
Gold:   117        EV: 13    Int: 19    God:
                   SH:  0    Dex: 13

rFire   + + +        g - staff of conjuration
rCold   x x .        (no shield)
rNeg    . . .        a - +0 robe
rPois   ∞            (no helmet)
rElec   .            (no cloak)
rCorr   .            (no gloves)
SInv    .            (boots unavailable)
Will    .....        (no amulet)
Stlth   ++           b - ring of fire
HPRegen 0.27/turn    (no ring)
MPRegen 0.00/turn

%: infuse magic (-1 HP)
@: flying
A: sickness immunity, fire resistance 2, cold vulnerability 1, float, innate
caster, HP casting, extra vitality 1
a: no special abilities


You were on level 3 of the Dungeon.
You visited 1 branch of the dungeon, and saw 5 of its levels.

You collected 117 gold pieces.

Inventory:

Hand Weapons
 d - a +3 dagger of draining
Armour
 a - a +0 robe (worn)
Magical Staves
 g - a staff of conjuration (weapon)
Jewellery
 b - a ring of fire (left hand)
Scrolls
 h - a scroll of poison
 k - a scroll of fear {unknown}
 m - a scroll of magic mapping {unknown}
Potions
 c - a potion of berserk rage {unknown}
 e - 2 potions of curing
 f - a potion of lignification {unknown}
 i - 2 potions of ambrosia {unknown}
 j - a potion of degeneration {unknown}
 l - a potion of heal wounds {unknown}
 n - a potion of haste {unknown}


   Skills:
 + Level 2.7 Fighting
 + Level 3.9 Dodging
 - Level 1.5 Stealth
 * Level 4.1 Spellcasting


You knew the following spells:

 Your Spells              Type           Power      Damage    Failure   Level
a - Foxfire               Conj/Fire      100%       2x1d9     2%          1
b - Scorch                Fire           58%        2d7       3%          2
c - Volatile Blastmotes   Fire/Tloc      58%        2d14      8%          3
d - Inner Flame           Hex/Fire       29%        N/A       8%          3
e - Flame Wave            Conj/Fire      44%        2d11      26%         4
f - Shock                 Conj/Air       100%       1d9       2%          1
g - Passwall              Tmut/Erth      15%        N/A       3%          2
Your spell library was empty.

Dungeon Overview and Level Annotations

Branches:
Dungeon (5/15)
 Temple: D:4-7

Altars:

Annotations:
D:3 Robin


Innate Abilities, Weirdness & Mutations

You are immune to sickness and miasma.
You are immune to poison.
Your flesh is very heat resistant. (rF++)
You are vulnerable to cold. (rC-)
You float through the air rather than walking.
You learn spells naturally, not from books.
Your magical power is your life essence.
You have superior vitality. (+4 MHP)


Message History

You feel a strong surge of power!
You conjure some foxfire!
* * * LOW HITPOINT WARNING * * *
The adder bites you.
* * * LOW HITPOINT WARNING * * *
The adder bites you.
* * * LOW HITPOINT WARNING * * *
The goblin closely misses you. The adder attacks as you move away!
The adder barely misses you. The goblin attacks as you move away!
The goblin closely misses you.
The foxfire hits the adder!
You kill the adder!
The foxfire hits the goblin!
You kill the goblin!
Casting: Foxfire (safe; 2% risk of failure)
Press: ? - help, Q - select action, (/) - cycle Dir - look around, f - activate You feel a strong surge of power!
You conjure some foxfire!
* * * LOW HITPOINT WARNING * * *
The foxfire hits the goblin.
The goblin is heavily wounded.
The foxfire hits the goblin!
You kill the goblin!
The adder attacks as you move away! The adder bites you but does no damage.
The adder bites you.
* * * LOW HITPOINT WARNING * * *
Casting: Foxfire (safe; 2% risk of failure)
Press: ? - help, Q - select action, (/) - cycle Dir - look around, f - activate You feel a strong surge of power!
You conjure some foxfire!
* * * LOW HITPOINT WARNING * * *
The adder closely misses you. The adder bites you but does no damage.
Your foxfire dissipates!
The adder attacks as you move away! The adder bites you.
* * * LOW HITPOINT WARNING * * *
The foxfire hits the adder!
The adder is almost dead.
Casting: Foxfire (safe; 2% risk of failure)
Press: ? - help, Q - select action, (/) - cycle Dir - look around, f - activate You feel a strong surge of power!
You conjure some foxfire!
* * * LOW HITPOINT WARNING * * *
The adder bites you.
You die...

####### #)..# #.....#
#.#.############ #.....#
#.#........ .... #.....#
#.#........ ..# #.....#
#########....#....####.#
......####......................#
...####....###...#.####..#.# #..
........#### #.#.#.......#.####.#
....##### #.#@v...##÷.#....÷.#
....### #.#Sv..............#
....#.### #.#..g.............#
#...#... ..#......)...###+#.#
..###.##########.....)....###.#..
>..........[.....................
##.......)#####.####..#######g##.
##.#......# #... ##......##.#..
8..#......# #....##......##.#.#


You could see Robin (ally target) and an adder (ally target).

Vanquished Creatures
  2 hounds (D:5)
  A jelly (D:5)
  Jessica (D:2)
  4 adders
  3 gnolls (D:2)
  A river rat (D:3)
  2 dart slugs
  9 orcs
  5 endoplasms
  2 giant cockroaches (D:3)
  17 goblins
  3 hobgoblins (D:3)
  4 quokkas
  7 ball pythons
  8 bats
  5 frilled lizards
  5 kobolds
  5 rats
84 creatures vanquished.

Vanquished Creatures (others)
  155 foxfires
155 creatures vanquished.

Grand Total: 239 creatures vanquished

Notes
Turn   | Place    | Note
-------+----------+-------------------------------------------
     0 | D:1      | MikeMinsk the Djinni Fire Elementalist began the quest for
                  | the Orb.
     0 | D:1      | MikeMinsk set off with the following spells memorised:
                  | Foxfire, Scorch, Volatile Blastmotes, Inner Flame, Flame
                  | Wave.
     0 | D:1      | Reached XP level 1. HP: 15/15 MP: 0/0
   117 | D:1      | Reached XP level 2. HP: 20/22 MP: 0/0
   450 | D:1      | Reached skill level 1 in Fighting
   450 | D:1      | Reached XP level 3. HP: 26/27 MP: 0/0
   450 | D:1      | Learned a level 1 spell: Shock
   858 | D:2      | Reached skill level 3 in Spellcasting
   923 | D:2      | Noticed Jessica
   932 | D:2      | Killed Jessica
   933 | D:2      | Reached XP level 4. HP: 29/32 MP: 0/0
  1424 | D:2      | Reached XP level 5. HP: 35/38 MP: 0/0
  1424 | D:2      | Learned a level 2 spell: Passwall
  2101 | D:3      | You are sucked into a shaft and drop 2 floors!
  2101 | D:5      | Entered Level 5 of the Dungeon
  2160 | D:5      | Reached XP level 6. HP: 43/44 MP: 0/0
  2258 | D:5      | Reached skill level 4 in Spellcasting
  2394 | D:3      | Noticed Robin
  2466 | D:3      | Slain by an adder

Illustrated notes

Levels and vault maps discovered:
D:1:      scummos_arrival_forest, layout_basic
D:2:      layout_loops_corners, minmay_tree_intersection, uniq_jessica
D:3:      layout_basic, serial_shops, nicolae_lakefront_shop,
          gup_sewer_entry_bubbles, small_statue_alley_b, minmay_misc_feat_alley,
          uniq_robin
D:4:      layout_loops_corners, mainiacjoe_overflow_alcove_1,
          mainiacjoe_overflow_surrounded_room, trog_hazing_becter, minmay_bent,
          uniq_eustachio, uniq_pikel
D:5:      layout_loops_corners, minmay_puff, uniq_crazy_yiuf_cottage

Skill      XL: |  1  2  3  4  5  6 |
---------------+-------------------+-----
Fighting       | 1 2 |  2.7
Spellcasting   | 3 4 |  4.1
Dodging        | 3 |  3.9
Stealth        | |  1.5

Action                     |  1- 3 |  4- 6 || total
---------------------------+-------+-------++-------
  Melee: Staff             |       |     2 ||     2
   Cast: Foxfire           |    44 |    78 ||   122
         Volatile Blastmot |       |     4 ||     4
         Shock             |       |     1 ||     1
    Use: Scroll            |       |     3 ||     3
         Potion            |       |     1 ||     1
 Armour: Robe              |     2 |    11 ||    13
  Dodge: Dodged            |    12 |    40 ||    52
